Map: Orbital Shipyard

Players

LilDicky

  • Race: Zerg Zerg
  • League: Diamond

Orbit - Winner!

  • Race: Terran Terran
  • League: Gold

VOD

http://www.twitch.tv/tumescentpie

Description

Time

  • Played on: Dec. 11, 2015, 4:44 p.m.
  • Length: 18:25
Show
View Real Time Build Order
Export as new Build Order

LilDicky Zerg 

Build Orders: Hatch First 

Get SALT Encoding   

  12  0:02  Drone  
  13  0:14  Drone  
  14  0:19  Extractor  
  14  0:20  Extractor  
  14  0:21  Drone  
  13  0:22  Drone  
  16  0:45  Hatchery  
  15  0:56  Overlord  
  15  1:04  Spawning Pool  
  14  1:14  Drone x2  
  14  1:15  Drone  
  17  1:29  Overlord  
  17  1:53  Queen  
  19  1:56  Queen  
  21  2:04  Zergling x4  
  23  2:09  Extractor  
  23  2:13  Hatchery  
  21  2:32  Queen  
  23  3:19  Extractor  
  22  3:21  Drone  
  22  3:22  Drone x8  
  22  3:26  Queen  
  33  3:30  Queen  
  35  3:36  Lair  
  35  3:43  Drone  
  35  3:44  Drone  
  26  4:26  Drone  
  26  4:27  Drone x11  
  35  4:34  Drone  
  34  4:49  Drone  
  34  4:50  Drone x3  
  38  5:20  Drone  
  38  5:21  Drone x2  
  41  5:22  Overlord x3  
  41  5:32  Extractor  
  41  5:34  Roach Warren  
  39  6:07  Drone x9  
  39  6:08  Drone x11  
  59  6:18  Glial Reconstitution  
  59  6:25  Extractor  
  55  6:33  Spore Crawler, Drone  
  55  6:34  Drone x7  
  55  6:38  Spine Crawler  
  61  6:42  Spore Crawler  
  61  6:46  Spine Crawler  
  54  7:01  Queen  
  56  7:18  Roach  
  56  7:19  Overlord, Roach x3  
  56  7:20  Overlord x2  
  64  7:53  Roach x12  
  64  7:54  Overlord x2  
  88  8:00  Drone  
  88  8:01  Overlord x3  
  89  8:22  Hatchery  
  89  8:25  Hatchery  
  87  8:48  Infestation Pit  
  87  8:54  Evolution Chamber  
  87  8:55  Evolution Chamber  
  84  8:57  Drone x3  
  84  8:58  Drone x10  
  97  9:29  Roach x10  
  117  9:34  Hive  
  117  9:36  Overlord x2, Extractor  
  117  9:37  Extractor  
  115  9:40  Ravager  
  115  9:41  Ravager x12  
  81  10:15  Roach x10  
  81  10:16  Roach x11  
  104  10:38  Hydralisk Den  
  93  10:53  Roach  
  93  10:54  Roach x2  
  99  11:01  Ultralisk Cavern  
  99  11:03  Zerg Ground Armor Level 1, Zerg Melee Weapons Level 1  
  66  11:25  Hatchery  
  65  11:27  Drone  
  65  11:28  Drone x11  
  77  11:37  Drone  
  78  11:49  Queen  
  80  11:54  Hatchery  
  79  12:14  Roach x2  
  77  12:28  Ultralisk x4  
  101  12:31  Ravager  
  101  12:32  Ravager  
  94  12:43  Ultralisk  
  57  13:22  Ultralisk  
  57  13:23  Ultralisk  
  69  13:31  Lair  
  18  14:39  Hatchery  
  7  15:20  Drone x3  
  10  15:29  Hatchery  
  10  15:33  Hatchery  
  8  16:03  Hatchery  
  4  16:09  Drone  
  4  16:10  Drone x14  
  20  16:21  Hatchery  
  20  16:23  Hatchery  
    17:48  Drone x2  
Show
View Real Time Build Order
Export as new Build Order

Orbit Terran - Winner!

Build Orders: MMM Bio 

Get SALT Encoding   

  12  0:01  SCV  
  13  0:13  SCV  
  14  0:17  Supply Depot  
  15  0:28  SCV  
  15  0:31  Refinery  
  15  0:34  Refinery  
  15  0:47  Barracks  
  15  0:52  SCV  
  17  1:04  SCV  
  17  1:16  Supply Depot, SCV  
  18  1:28  SCV  
  19  1:40  SCV  
  21  1:47  Factory  
  20  1:56  Barracks Reactor  
  20  1:59  Orbital Command  
  20  2:12  Supply Depot  
  20  2:25  SCV  
  21  2:36  Engineering Bay  
  20  2:47  Hellion  
  20  2:48  Hellion  
  20  2:49  Barracks Tech Lab  
  24  3:02  Terran Infantry Weapons Level 1  
  24  3:05  SCV  
  25  3:09  Hellion x2, Stimpack  
  25  3:11  Marine  
  30  3:33  Command Center  
  30  3:40  SCV  
  31  3:42  Widow Mine  
  31  3:45  Widow Mine  
  35  3:59  Starport  
  31  4:48  SCV  
  31  4:50  Medivac  
  30  4:53  Barracks  
  30  4:56  Orbital Command  
  30  4:57  Barracks  
  30  5:00  SCV, Barracks x2  
  31  5:19  Widow Mine  
  31  5:20  Combat Shields  
  33  5:23  Terran Infantry Armor Level 1  
  33  5:26  Armory, Medivac  
  35  5:33  SCV  
  35  5:34  SCV  
  37  5:36  Widow Mine  
  37  5:40  Marauder  
  41  5:45  Barracks Reactor, SCV  
  41  5:46  SCV, Barracks Tech Lab  
  41  5:48  Barracks Reactor  
  43  5:58  SCV x2  
  45  6:10  SCV, Medivac  
  48  6:12  Marauder  
  50  6:36  Marauder x2  
  54  6:45  Supply Depot x2  
  54  6:46  Supply Depot  
  54  6:47  Engineering Bay  
  54  6:50  Refinery  
  54  6:54  Refinery  
  54  6:56  SCV x2, Marine x4  
  60  7:07  Medivac  
  62  7:09  Marauder x2  
  62  7:10  Barracks Reactor  
  66  7:16  Marine x4  
  66  7:23  Supply Depot  
  66  7:27  Supply Depot  
  66  7:30  Marauder  
  66  7:31  Marauder  
  66  7:33  Supply Depot, Marine  
  66  7:34  Marine  
  72  7:40  Medivac  
  72  7:41  Marine x2  
  72  7:43  SCV  
  77  8:00  Marine  
  77  8:01  Marine x4  
  77  8:02  Marauder x2, Marine  
  87  8:14  Terran Infantry Armor Level 2  
  87  8:20  Marine x4  
  87  8:21  Marine  
  87  8:23  Marauder  
  94  8:43  Command Center  
  94  8:45  Marine x4  
  94  8:46  Marine  
  94  8:47  Marine  
  94  8:48  Marauder x2  
  104  9:03  Marine x4  
  104  9:04  Marine  
  104  9:07  Marine  
  110  9:48  Supply Depot  
  110  9:49  Supply Depot  
  110  9:53  Supply Depot  
  110  9:54  Marine x7  
  110  9:55  Marauder  
  110  10:12  Marine x2  
  110  10:13  Marauder  
  88  10:16  Marauder  
  88  10:19  Marine x2  
  88  10:20  Marine  
  86  10:29  Marine  
  86  10:30  Marine x2  
  86  10:34  Marauder  
  86  10:35  Orbital Command  
  91  10:37  SCV x2, Marine  
  91  10:38  Marauder  
  81  10:53  Marine x4  
  81  10:56  Marauder  
  87  10:59  Marauder  
  78  11:14  Marine x3  
  78  11:15  Marine  
  78  11:17  Marauder  
  80  11:19  Marine x2  
  80  11:21  SCV x3, Marauder  
  87  11:27  Medivac  
  87  11:32  Marine x4  
  91  11:33  SCV  
  91  11:38  Supply Depot, Marauder  
  96  11:42  Marauder  
  96  11:43  Terran Infantry Weapons Level 2  
  98  11:52  Supply Depot x2  
  98  11:53  Supply Depot  
  98  11:55  Terran Infantry Armor Level 3  
  98  11:57  Medivac  
  100  12:04  Marine x2  
  100  12:05  Marine x2  
  100  12:06  Marauder, Marine x2  
  108  12:13  Marine  
  109  12:22  Marine  
  110  12:27  Marauder  
  112  12:30  Marine x2  
  112  12:31  Marauder, Marine x2  
  118  12:42  Marine x2  
  120  12:48  Marine x2  
  120  12:49  Marauder, Marine x2  
  126  12:53  Marauder  
  126  13:00  Marine  
  127  13:10  Marauder  
  123  13:14  Marauder  
  123  13:19  Marine x5  
  126  13:20  Marine  
  128  13:32  Marauder  
  121  13:36  Marine, Marauder  
  121  13:37  Marine x2  
  126  13:53  Marauder  
  126  13:55  Marine x4  
  131  13:57  Marauder  
  134  14:14  Marauder  
  134  14:16  Marine  
  134  14:17  Marine x5  
  137  14:18  Marauder  
  137  14:22  SCV x2  
  137  14:23  SCV  
  147  14:34  SCV x2, Marine x2  
  147  14:35  SCV, Marine x2  
  147  14:36  Marauder  
  156  14:40  Marauder  
  156  14:44  Marine x2  
  160  14:52  Marine x2  
  161  14:55  SCV x3  
  161  14:57  Marauder  
  167  15:01  Marauder  
  167  15:03  Marine x4  
  173  15:07  SCV x2  
  173  15:10  Marine x2  
  177  15:18  Marauder  
  177  15:20  Marine  
  177  15:21  Marine  
  181  16:31  Supply Depot  
  181  16:35  Supply Depot  
  181  16:36  Supply Depot  
  181  16:44  Refinery  
  181  16:47  SCV x2, Marauder, Refinery, Marine x4  
  181  16:52  Medivac, Marine x2  
  181  16:53  SCV, Marauder  
  196  16:59  SCV x2  
  198  17:04  Marine x2  
Tags
 
Add a new tag
Caveats
  • Supply blocks, unpowered buildings, or Contaminate may cause inaccurate times.
  • Supply counts are checked every 10 seconds.